 Dungeon Crawl Stone Soup version 0.18-a0-952-g309898a (webtiles) character file.

3603 Jmtri7 the Fighter (level 9, 78/85 HPs)
             Began as a Minotaur Artificer on Jan 1, 2016.
             Was a Priest of Pakellas.
             Starved to death
             ... while paralysed
             ... on level 9 of the Dungeon.
             The game lasted 00:50:16 (7045 turns).

Jmtri7 the Fighter (Minotaur Artificer)             Turns: 7045, Time: 00:50:16

Health: 78/85      AC: 14    Str: 20    XL:     9   Next: 86%
Magic:  10/10      EV:  2    Int:  9    God:    Pakellas [***...]
Gold:   237        SH:  0    Dex: 10    Spells: 0 memorised, 8 levels left

rFire  . . .     SeeInvis .     p - +2 morningstar
rCold  . . .     Gourm    .     H - +0 chain mail (curse)
rNeg   . . .     Faith    +     v - +3 large shield
rPois  .         Spirit   .     (helmet restricted)
rElec  .         Dismiss  .     g - +0 cloak
rCorr  .         Reflect  .     F - +0 pair of gloves
SustAt .         Harm     .     (no boots)
MR     .....                    j - amulet of faith (curse)
Stlth  ..........               h - +1 ring of evasion
                                y - ring of flight

@: paralysed, fainting, not resistant to hostile enchantments, extremely
unstealthy
A: retaliatory headbutt, horns 2
a: Quick Charge, Device Surge, Renounce Religion, Evoke Flight


You were on level 9 of the Dungeon.
You worshipped Pakellas.
Pakellas was most pleased with you.
You were fainting.

You visited 2 branches of the dungeon, and saw 10 of its levels.

You collected 349 gold pieces.
You spent 112 gold pieces at shops.

Inventory:

Hand Weapons
 p - a +2 morningstar (weapon)
 r - a cursed +0 hunting sling
 z - a +0 blowgun
 I - a +0 whip of electrocution
 L - a +1 dagger of freezing
 M - a +0 bardiche
 O - a +2 spear of piercing
Missiles
 b - 10 tomahawks (quivered)
 i - 19 arrows of frost
 l - 5 silver javelins
 t - 8 poisoned tomahawks
 u - 110 stones
 x - 138 arrows
 J - 15 poisoned needles
Armour
 g - a +0 cloak (worn)
 v - a +3 large shield (worn)
 F - a +0 pair of gloves (worn)
 H - a cursed +0 chain mail (worn)
Jewellery
 h - a +1 ring of evasion (right hand)
 j - a cursed amulet of faith (around neck)
 y - a ring of flight (left hand)
 A - an uncursed ring of ice
Wands
 c - a wand of flame (0/48)
 d - a wand of enslavement (0/24)
 e - a wand of random effects (15/48)
 B - a wand of draining (6/15)
 E - a wand of digging (15/24)
 G - a wand of random effects (22/48)
 P - a wand of digging (10/24)
Scrolls
 a - 4 scrolls of teleportation
 q - a scroll of magic mapping
 s - 5 scrolls of remove curse
 D - 5 scrolls of identify
Potions
 m - 3 potions of curing
 n - 3 potions of brilliance
 w - 2 potions of invisibility
 C - a potion of resistance
 K - a potion of mutation
 Q - a potion of agility {unknown}
Books
 N - a book of Necromancy

   Spells                             Type                      Level
   a - Pain                           Necromancy                   1
   b - Animate Skeleton               Necromancy                   1
   c - Vampiric Draining              Necromancy                   3
   d - Regeneration                   Charms/Necromancy            3
   e - Animate Dead                   Necromancy                   4
   f - Control Undead                 Necromancy                   4
Comestibles
 f - 2 bread rations
 k - 3 beef jerkies
 o - 3 fruits


   Skills:
 + Level 10.0 Fighting
 - Level 1.1 Short Blades
 + Level 9.8 Armour
 - Level 2.1 Dodging
 - Level 0.7 Stealth
 + Level 9.2 Shields
 - Level 2.6 Evocations


You had 8 spell levels left.
You didn't know any spells.

Dungeon Overview and Level Annotations

Branches:
Dungeon (9/15)             Temple (1/1) D:4
   Lair: D:8-11         Orc: D:9-12

Altars:
Ashenzari
Cheibriados
Dithmenos
Fedhas
Gozag
Kikubaaqudgha
Makhleb
Nemelex Xobeh
Okawaru
Pakellas
Qazlal
Ru
Sif Muna
Trog
Vehumet
Xom
Yredelemnul
Zin
The Shining One

Shops:
D:5 [   D:7 !


Innate Abilities, Weirdness & Mutations

You reflexively headbutt those who attack you in melee.
You have a pair of horns on your head.


Message History

The shadow imp hits you but does no damage.
You closely miss the shadow imp. You headbutt the shadow imp.
The shadow imp is heavily wounded.
The shadow imp gestures at you.
You struggle to resist.
The shadow imp shouts, "Back with thee, thou errant fob-snatching tinkerer!"
You block the shadow imp's attack.
You closely miss the shadow imp. Your headbutt misses the shadow imp.
The shadow imp is heavily wounded.
You block the shadow imp's attack.
You puncture the shadow imp!
You kill the shadow imp!
Pakellas accepts your kill.
s - 5 scrolls of remove curse (gained 1)
There are no items here.
Q - a ruby potion
There are no items here.
You lose consciousness!
You have starved to death.
You die...

....†............
.................
##'###...........
#.[..#.....########+######
#....#.....#<.............
#....#.....#.............. ....#
#....#.....'.............. ....#
#.)).#.....#..........)... ....#
###)##.....#....@.....#####....#
...........#..........#........##
...........#..........#.........#
...........#..........#.........#
...........#).........+..<......#
...........############.........#
.................................
########...$....# ##.............
....####'###.# ####..........


There were no monsters in sight!

Vanquished Creatures
  2 wolves
  2 hippogriffs
  A swamp worm (D:8)
  A water moccasin (D:9)
  A black bear (D:9)
  An orc warrior (D:9)
  2 ogres
  A centaur (D:9)
  A phantom (D:6)
  5 killer bees (D:7)
  A big kobold (D:6)
  2 jellies
  5 giant frogs
  A water moccasin zombie (D:9)
  A gnoll sergeant (D:9)
  A wyvern skeleton (D:7)
  2 scorpions
  3 wights (D:6)
  2 centaur zombies
  A hound (D:4)
  3 crimson imps
  A giant frog zombie (D:6)
  A centaur skeleton (D:5)
  2 orc priests
  An iguana (D:5)
  Ijyb (D:2)
  3 gnolls (D:9)
  2 orc wizards
  Terence (D:2)
  5 worker ants
  A sheep (D:4)
  A hell rat (D:5)
  A hound skeleton (D:5)
  7 adders
  A worker ant zombie (D:5)
  3 shadow imps
  An ooze (D:4)
  2 adder skeletons
  An adder zombie (D:6)
  2 worms
  5 giant geckos
  20 orcs
  A ball python (D:5)
  4 hobgoblins
  3 quokkas
  6 bats
  8 giant cockroaches
  A giant gecko skeleton (D:4)
  3 giant newts
  7 goblins
  20 jackals
  8 kobolds
  7 rats
169 creatures vanquished.

Vanquished Creatures (collateral kills)
  A thrashing horror (D:6)
  A hungry ghost (D:6)
  An eye of draining (D:3)
  A phantom (D:7)
  2 killer bees (D:7)
  A hound (D:8)
  An iguana (D:7)
  An orc wizard (D:7)
  A gnoll (D:3)
  An adder (D:3)
  An adder zombie (D:8)
  2 orcs (D:3)
  3 jackals (D:3)
  A quokka (D:6)
  A goblin (D:3)
19 creatures vanquished.

Vanquished Creatures (others)
  A wight (D:6)
  3 killer bees (D:7)
  An orc wizard (D:7)
  An iguana (D:9)
  A small abomination (D:6)
  A kobold (D:6)
8 creatures vanquished.

Grand Total: 196 creatures vanquished

Notes
Turn   | Place    | Note
--------------------------------------------------------------
     0 | D:1      | Jmtri7 the Minotaur Artificer began the quest for the Orb.
     0 | D:1      | Reached XP level 1. HP: 16/16 MP: 1/1
    76 | D:1      | Reached skill level 1 in Armour
    99 | D:1      | Reached XP level 2. HP: 2/24 MP: 3/3
   760 | D:2      | Reached XP level 3. HP: 18/30 MP: 4/4
   819 | D:2      | Found a snail-covered altar of Cheibriados.
   820 | D:2      | Noticed Ijyb
   836 | D:2      | Killed Ijyb
   836 | D:2      | Reached skill level 3 in Fighting
   975 | D:2      | Noticed Terence
   977 | D:2      | Found a faded altar to an unknown god.
   981 | D:2      | Killed Terence
   981 | D:2      | Reached XP level 4. HP: 28/38 MP: 5/5
  1027 | D:2      | Became a worshipper of Nemelex Xobeh the Trickster
  1027 | D:2      | Received a gift from Nemelex Xobeh
  1027 | D:2      | Reached * piety under Nemelex Xobeh
  1066 | D:2      | Received a gift from Nemelex Xobeh
  1100 | D:2      | Noticed a wolf
  1100 | D:2      | a worm changed into a wolf
  1107 | D:2      | Killed a wolf
  1107 | D:2      | Reached skill level 4 in Fighting
  1107 | D:2      | Reached XP level 5. HP: 34/47 MP: 6/6
  1521 | D:3      | Noticed an eye of draining
  1547 | D:3      | Killed an eye of draining
  1547 | D:3      | Reached XP level 6. HP: 51/53 MP: 3/7
  1548 | D:3      | Found a bloodstained altar of Trog.
  1676 | D:3      | Found a glowing silver altar of Zin.
  1721 | D:3      | Found a glowing golden altar of the Shining One.
  2112 | D:4      | Reached ** piety under Nemelex Xobeh
  2138 | D:4      | Found a staircase to the Ecumenical Temple.
  2157 | D:4      | Reached skill level 5 in Armour
  2162 | D:4      | Reached skill level 5 in Fighting
  2407 | Temple   | Entered the Ecumenical Temple
  2577 | D:4      | Reached XP level 7. HP: 39/61 MP: 8/8
  2894 | D:4      | Reached *** piety under Nemelex Xobeh
  3058 | D:5      | Entered Level 5 of the Dungeon
  3172 | D:5      | Found an oddly glowing altar of Pakellas.
  3185 | D:5      | Fell from the grace of Nemelex Xobeh
  3185 | D:5      | Became a worshipper of Pakellas the Inventive
  3280 | D:5      | Reached skill level 6 in Fighting
  3280 | D:5      | Reached skill level 5 in Shields
  3595 | D:5      | Found Qyticipp's Antique Armour Shop.
  3604 | D:5      | Bought a chain mail for 112 gold pieces
  3749 | D:5      | Reached * piety under Pakellas
  3987 | D:6      | Found a basalt altar of Yredelemnul.
  4252 | D:6      | Reached XP level 8. HP: 64/71 MP: 9/9
  4302 | D:6      | Reached skill level 7 in Fighting
  4452 | D:6      | Reached ** piety under Pakellas
  4452 | D:6      | Received a gift from Pakellas
  4846 | D:6      | Noticed a thrashing horror
  4872 | D:6      | Killed a thrashing horror
  5239 | D:6      | Reached skill level 8 in Fighting
  5439 | D:6      | Reached XP level 9. HP: 48/82 MP: 5/10
  5628 | D:7      | Found Nugy's Distillery.
  5635 | D:7      | Found a sand-covered staircase.
  6050 | D:7      | Reached skill level 9 in Fighting
  6535 | D:8      | Found an iron altar of Okawaru.
  6562 | D:8      | Reached *** piety under Pakellas
  6664 | D:9      | XOM: mild Hex miscast
  6671 | D:9      | Found a shattered altar of Ashenzari.
  6949 | D:9      | Reached skill level 10 in Fighting
  7045 | D:9      | Starved to death

Vault maps used:
D:1:      minmay_arrival_glassed_features, nrook_mini_backslash, feat_on_display
D:2:      cheibriados_altar_1, first_bread, ecumenical_altar_1, uniq_iyjb,
          uniq_terence
D:3:      grunt_temple_overflow_open, trog_eyes_of_draining
D:4:      temple_fountains
D:5:      grunt_pakellas_salt, serial_shops, nicolae_shop_overgrown_old_shop,
          minmay_strange_pillars, nicolae_underground_beach
D:6:      kennysheep_ying_yang
D:7:      serial_shops, nicolae_shop_crystal,
          nicolae_ossuary_entry_false_entrances
D:8:      okawaru_gym_becter, the_bakery, worms_lemuel, uniq_erolcha
D:9:      lemuel_round_altar
Temple:   triangle_lava_temple_11

Action                   |  1- 3 |  4- 6 |  7- 9 || total
-------------------------+-------+-------+-------++-------
Melee: Short sword       |     7 |       |       ||     7
       Mace              |    54 |    63 |       ||   117
       Morningstar       |       |    77 |   489 ||   566
       Dagger            |       |       |    35 ||    35
       Whip              |       |       |     8 ||     8
       Spear             |       |       |    43 ||    43
Throw: Tomahawk          |     2 |     4 |       ||     6
Invok: Quick Charge      |       |       |     6 ||     6
       Device Surge      |       |       |     1 ||     1
Evoke: Wand              |     3 |       |    39 ||    42
       Deck              |       |    15 |     8 ||    23
  Use: Scroll            |       |       |    20 ||    20
       Potion            |       |       |     3 ||     3
  Eat: Bread ration      |       |     1 |     3 ||     4
       Meat ration       |       |       |     1 ||     1
